Map: [ESL] Altitude

Players

DnS

  • Race: Protoss Protoss
  • Spawn Location: 7:00

LiquidElazer (Elazer) - Winner!

  • Race: Zerg Zerg
  • League: Master
  • Spawn Location: 1:00

Event: HomeStory Cup XXIII

VOD

Have the link to the VOD?

Description

Time

  • Played on: July 1, 2023, 9:47 a.m.
  • Length: 16:20

All games in this series

Show
View Real Time Build Order
Export as new Build Order

DnS Protoss 

Build Orders: 1 Gate Expand, Oracle Opening 

Get SALT Encoding   

  12  0:00  Probe  
  13  0:12  Probe  
  14  0:19  Pylon  
  14  0:25  Probe  
  15  0:37  Probe (Chrono Boost)  
  15  0:40  Gateway  
  16  0:47  Probe (Chrono Boost)  
  17  0:50  Assimilator  
  17  0:52  Probe  
  18  1:04  Probe  
  19  1:16  Probe  
  20  1:29  Nexus  
  20  1:39  Cybernetics Core  
  20  1:42  Probe  
  21  1:52  Assimilator  
  21  1:54  Probe  
  21  1:58  Pylon  
  22  2:06  Probe (Chrono Boost)  
  23  2:13  Adept (Chrono Boost)  
  23  2:18  Probe (Chrono Boost)  
  23  2:21  Stargate  
  26  2:25  Probe (Chrono Boost)  
  26  2:29  Warp Gate  
  27  2:34  Probe  
  28  2:37  Adept (Chrono Boost)  
  28  2:42  Probe  
  31  2:46  Probe  
  32  2:54  Probe  
  33  2:58  Probe  
  33  2:59  Adept  
  36  3:06  Probe  
  36  3:08  Oracle (Chrono Boost)  
  36  3:10  Probe  
  41  3:18  Probe  
  41  3:19  Pylon  
  42  3:23  Probe  
  42  3:25  Gateway  
  43  3:30  Probe  
  44  3:35  Probe  
  44  3:40  Oracle (Chrono Boost)  
  45  3:42  Probe  
  45  3:47  Probe  
  50  3:55  Probe  
  51  4:02  Probe  
  50  4:07  Pylon, Probe  
  50  4:14  Probe  
  50  4:15  Nexus, Oracle  
  50  4:16  Pylon  
  54  4:21  Pylon  
  54  4:25  Probe  
  54  4:26  Adept x2  
  54  4:28  Probe  
  60  4:36  Assimilator  
  60  4:37  Probe, Assimilator  
  61  4:40  Probe  
  62  4:48  Twilight Council, Forge  
  62  4:49  Probe  
  63  4:53  Probe  
  63  4:54  Adept  
  63  4:55  Adept  
  68  5:01  Probe  
  68  5:05  Probe  
  70  5:08  Gateway  
  70  5:10  Gateway  
  70  5:13  Probe  
  71  5:15  Stalker  
  73  5:25  Protoss Ground Weapons Level 1, Probe (Chrono Boost)  
  73  5:26  Blink, Probe (Chrono Boost)  
  76  5:32  Probe (Chrono Boost)  
  76  5:37  Stalker  
  76  5:39  Robotics Facility  
  76  5:40  Probe (Chrono Boost)  
  76  5:42  Probe (Chrono Boost)  
  80  5:48  Probe (Chrono Boost)  
  80  5:49  Probe (Chrono Boost)  
  83  5:50  Probe (Chrono Boost)  
  83  5:51  Stalker  
  85  5:57  Pylon x2, Probe  
  85  6:00  Probe  
  85  6:01  Probe  
  88  6:08  Stalker x2  
  88  6:09  Probe  
  83  6:12  Probe  
  83  6:13  Probe  
  83  6:14  Assimilator  
  83  6:16  Shield Battery  
  83  6:17  Stalker  
  87  6:22  Stalker, Probe  
  87  6:24  Probe  
  82  6:34  Stalker x2  
  82  6:37  Robotics Bay  
  76  6:44  Shield Battery, Stalker  
  76  6:46  Stalker  
  70  6:47  Probe x3 (Chrono Boost)  
  69  6:56  Observer  
  69  6:59  Probe x3 (Chrono Boost)  
  73  7:05  Probe x3 (Chrono Boost), Robotics Bay  
  73  7:07  Robotics Facility  
  76  7:13  Probe (Chrono Boost)  
  79  7:17  Probe (Chrono Boost)  
  79  7:18  Probe (Chrono Boost)  
  79  7:20  Warp Prism (Chrono Boost)  
  82  7:24  Probe (Chrono Boost)  
  82  7:27  Probe x2 (Chrono Boost)  
  82  7:29  Stalker  
  86  7:31  Assimilator  
  86  7:33  Probe (Chrono Boost)  
  86  7:34  Probe x2 (Chrono Boost)  
  86  7:35  Protoss Ground Weapons Level 2 (Chrono Boost), Stalker  
  91  7:40  Charge, Probe  
  91  7:41  Probe  
  91  7:43  Probe  
  94  7:47  Pylon  
  94  7:57  Colossus (Chrono Boost)  
  100  8:05  Colossus  
  106  8:07  Extended Thermal Lance  
  106  8:09  Pylon  
  106  8:12  Gateway  
  106  8:16  Gateway  
  106  8:19  Pylon  
  106  8:31  Stalker x3  
  106  8:33  Nexus, Stalker  
  114  8:37  Pylon  
  114  8:43  Probe x3  
  114  8:47  Colossus (Chrono Boost)  
  122  9:02  Nexus  
  122  9:03  Colossus (Chrono Boost)  
  122  9:05  Probe x3  
  131  9:10  Templar Archives  
  131  9:13  Shield Battery  
  131  9:17  Pylon  
  131  9:20  Pylon  
  131  9:29  Pylon  
  131  9:33  Pylon x3  
  131  9:43  Probe x3  
  138  9:47  High Templar x3  
  138  9:48  High Templar  
  138  9:50  High Templar x2  
  138  9:51  Archon  
  146  9:53  Shield Battery, Archon  
  146  9:56  Archon  
  146  9:57  Immortal  
  146  9:59  Gateway  
  150  10:01  Gateway  
  150  10:03  Gateway  
  150  10:05  Gateway  
  150  10:11  Probe x3  
  153  10:19  Zealot x2  
  153  10:20  Zealot x2  
  161  10:24  Photon Cannon  
  161  10:33  Gateway  
  159  10:37  Stalker x2  
  147  10:46  Zealot x4  
  150  10:53  Gateway  
  150  10:54  Gateway  
  150  10:56  Gateway  
  150  10:58  Gateway  
  150  10:59  Probe x2  
  150  11:03  High Templar x2  
  132  11:07  Archon  
  132  11:08  Photon Cannon  
  132  11:09  Probe  
  133  11:11  Probe  
  133  11:12  High Templar x2  
  133  11:17  Nexus, Archon  
  129  11:21  High Templar x2  
  124  11:27  Probe x2  
  124  11:28  Pylon, Archon  
  124  11:30  Probe  
  127  11:36  Pylon  
  127  11:39  Probe x2  
  129  11:41  High Templar x2  
  129  11:46  Archon  
  133  11:55  Gateway  
  133  12:03  Zealot x3  
  133  12:04  Zealot x2  
  127  12:17  Zealot x4  
  127  12:28  Probe x2 (Chrono Boost)  
  122  12:30  Probe (Chrono Boost)  
  122  12:33  Photon Cannon  
  122  12:34  Shield Battery, Probe (Chrono Boost)  
  115  12:40  High Templar x2, Probe x2 (Chrono Boost)  
  115  12:43  High Templar  
  115  12:44  Archon, Probe (Chrono Boost)  
  115  12:45  Pylon, Probe (Chrono Boost)  
  115  12:47  High Templar  
  115  12:48  Probe x2 (Chrono Boost)  
  115  12:49  Probe (Chrono Boost)  
  120  12:52  Probe  
  120  12:53  Archon  
  121  12:59  Probe x2  
  121  13:01  High Templar x2, Probe  
  121  13:05  Shield Battery, Archon  
  128  13:07  Pylon  
  128  13:12  High Templar x2  
  132  13:17  Zealot x4  
  132  13:18  Archon  
  140  13:21  Probe x4  
  140  13:26  Protoss Ground Weapons Level 3 (Chrono Boost)  
  144  13:28  Assimilator x2  
  144  13:33  Probe  
  145  13:35  Gateway  
  145  13:41  Immortal (Chrono Boost)  
  145  13:48  Immortal (Chrono Boost)  
  153  14:06  Zealot x3, High Templar x2  
  153  14:07  Zealot x3  
  163  14:12  Archon  
  144  14:21  Observer x2 (Chrono Boost)  
  144  14:23  Oracle (Chrono Boost)  
  138  14:28  Zealot, High Templar x2  
  138  14:29  Zealot x5  
  149  14:34  Archon  
  149  14:39  Immortal (Chrono Boost)  
  149  14:42  Nexus  
  151  14:52  Zealot  
  152  14:56  High Templar  
  152  14:57  High Templar x3  
  160  15:02  Nexus, Archon x2  
  160  15:07  Stalker x5  
  170  15:18  Immortal x2  
  124  16:06  Zealot x5  
Show
View Real Time Build Order
Export as new Build Order

LiquidElazer Zerg - Winner!

Build Orders: Hatch First, Lurkers 

Get SALT Encoding   

  12  0:00  Drone  
  13  0:11  Overlord  
  13  0:17  Drone  
  14  0:30  Drone x2  
  16  0:49  Hatchery  
  15  0:52  Drone  
  15  0:56  Drone  
  17  0:59  Drone  
  18  1:11  Extractor  
  18  1:15  Spawning Pool  
  18  1:18  Drone  
  17  1:21  Drone  
  18  1:27  Drone  
  19  1:38  Drone  
  20  1:50  Overlord  
  20  2:01  Queen x2  
  20  2:02  Drone  
  20  2:03  Zergling x2  
  26  2:13  Zergling x2  
  26  2:14  Drone  
  26  2:15  Metabolic Boost  
  28  2:24  Zergling x2  
  28  2:25  Drone  
  30  2:33  Drone  
  30  2:34  Drone  
  32  2:37  Queen  
  34  2:49  Overlord  
  34  2:50  Drone  
  35  2:56  Hatchery  
  34  3:02  Queen  
  36  3:12  Drone x4  
  40  3:14  Drone  
  40  3:17  Drone  
  42  3:23  Overlord  
  42  3:33  Spore Crawler  
  39  3:35  Drone x2  
  39  3:38  Queen  
  43  3:43  Drone  
  43  3:44  Drone x3  
  43  3:47  Drone x3  
  50  3:51  Drone  
  50  3:53  Overlord  
  51  4:02  Drone  
  51  4:04  Drone  
  51  4:07  Queen  
  51  4:08  Drone x2  
  51  4:09  Drone  
  56  4:12  Queen  
  56  4:16  Drone x3  
  61  4:18  Drone  
  61  4:19  Drone  
  61  4:20  Drone  
  64  4:24  Overlord  
  64  4:34  Drone x4  
  66  4:39  Overlord  
  66  4:42  Baneling Nest  
  66  4:43  Spore Crawler  
  66  4:45  Drone x3  
  64  4:48  Overlord  
  64  4:49  Drone x4  
  69  4:54  Zergling x8  
  69  4:55  Zergling x2  
  74  5:03  Zergling x6  
  77  5:11  Zergling x4, Hatchery  
  77  5:13  Zergling x2  
  79  5:17  Zergling x6  
  79  5:19  Overlord  
  81  5:22  Zergling x12  
  81  5:24  Evolution Chamber  
  81  5:27  Zergling x2  
  87  5:31  Overlord  
  87  5:35  Zergling x2  
  88  5:38  Lair, Overlord  
  88  5:42  Extractor  
  88  5:43  Zergling x2  
  88  5:45  Zergling x2  
  88  5:47  Baneling x5  
  89  5:55  Overlord  
  89  5:56  Zergling x2, Baneling  
  89  5:57  Zergling x16  
  96  6:05  Baneling  
  96  6:06  Zergling x2  
  96  6:07  Zergling x4  
  93  6:13  Extractor  
  93  6:15  Drone x3  
  92  6:30  Drone x10  
  96  6:36  Drone x3  
  95  6:46  Drone x4  
  92  6:50  Zerg Melee Weapons Level 1  
  92  6:51  Zergling x14  
  94  6:54  Hydralisk Den  
  94  6:57  Zergling x2  
  94  6:58  Zergling x2  
  94  7:00  Zergling x2, Hatchery  
  94  7:04  Zergling x2  
  95  7:10  Extractor x2  
  95  7:11  Zergling x6  
  96  7:17  Zergling x24  
  96  7:19  Overlord  
  108  7:27  Zergling x4  
  108  7:29  Muscular Augments, Spore Crawler  
  109  7:31  Overlord  
  109  7:32  Hydralisk x2  
  109  7:36  Hydralisk  
  115  7:46  Drone x8  
  115  7:48  Hydralisk x2  
  127  7:51  Overlord x2  
  127  7:54  Extractor, Drone x4  
  130  8:00  Drone  
  130  8:01  Drone x2  
  133  8:09  Overlord, Hydralisk x2  
  137  8:16  Hydralisk x4  
  137  8:18  Zergling x22  
  156  8:24  Overlord  
  155  8:27  Hydralisk x3  
  155  8:32  Extractor  
  155  8:33  Hatchery  
  155  8:34  Hydralisk x3  
  159  8:37  Overlord x2  
  165  8:43  Grooved Spines  
  165  8:46  Zergling x16  
  165  8:47  Overlord x2  
  173  8:55  Zergling x14, Zerg Melee Weapons Level 2  
  173  9:00  Centrifugal Hooks  
  173  9:02  Overlord  
  173  9:08  Drone x6  
  179  9:12  Drone  
  179  9:14  Spore Crawler  
  179  9:15  Hydralisk x6  
  191  9:18  Zergling x2  
  191  9:19  Zergling x14  
  199  9:30  Zergling x12  
  199  9:42  Extractor  
  199  9:44  Spine Crawler  
  199  9:45  Drone x3  
  199  10:01  Baneling x20  
  199  10:02  Baneling x16  
  199  10:11  Hatchery  
  199  10:13  Baneling  
  199  10:14  Baneling x9  
  180  10:35  Zergling x2  
  180  10:36  Zergling x38  
  180  10:40  Zergling x14  
  180  10:41  Zergling x20  
  198  10:54  Baneling x12  
  191  11:00  Zergling x2  
  191  11:01  Zergling x20  
  190  11:06  Hydralisk x4  
  190  11:07  Baneling  
  190  11:08  Baneling x13  
  197  11:16  Zergling x6  
  199  11:22  Hydralisk  
  199  11:23  Zergling x4  
  198  11:26  Baneling x18  
  198  11:27  Baneling x9  
  192  11:55  Zerg Missile Weapons Level 1  
  192  11:57  Zergling x16, Infestation Pit  
  162  12:19  Zergling x38  
  173  12:25  Hydralisk x6  
  173  12:26  Zergling x26  
  179  12:35  Zergling x2  
  179  12:36  Zergling x6  
  181  12:40  Baneling x18  
  181  12:42  Zergling x2  
  181  12:43  Zergling x20  
  181  12:44  Hive  
  191  12:46  Lurker Den  
  191  12:51  Zergling x14  
  191  12:55  Baneling  
  191  12:56  Baneling x13  
  197  13:06  Drone x3  
  200  13:16  Spine Crawler x2  
  200  13:17  Spine Crawler, Spore Crawler  
  200  13:19  Spine Crawler  
  195  13:26  Extractor, Baneling  
  195  13:27  Baneling x8  
  194  13:47  Lurker x6  
  200  13:49  Zerg Missile Weapons Level 2  
  200  13:56  Seismic Spines  
  178  14:21  Zergling x6  
  178  14:22  Zergling x16  
  160  14:27  Lurker x6  
  160  14:28  Lurker x3, Zergling x2  
  160  14:29  Zergling x60  
  199  14:31  Adrenal Glands  
  198  14:53  Adaptive Talons  
  198  14:54  Pneumatized Carapace, Overseer x2  
  198  14:58  Zergling x2  
  197  15:21  Hydralisk x6  
  178  15:50  Hydralisk x9  
  178  15:56  Zergling x30  
Tags
 
Add a new tag
Caveats
  • Supply blocks, unpowered buildings, or Contaminate may cause inaccurate times.
  • Supply counts are checked every 10 seconds.